 Seeded DCSS version 0.30-a0-900-g23479c02f2 (webtiles) character file.

Game seed: 17906827012690515480 (custom seed)

13626 bmack86 the Blocker (level 11, 0/89 (101) HPs)
             Began as a Minotaur Fighter on Mar 18, 2023.
             Was an Elder of Okawaru.
             Slain by a spectral orc knight
             ... wielding a +0 great sword
             ... summoned by Nergalle
              (10 damage)
             ... on level 11 of the Dungeon.
             The game lasted 00:28:52 (11159 turns).

bmack86 the Blocker (Minotaur Fighter)             Turns: 11159, Time: 00:28:52

HP:   0/89 (101)    AC: 20    Str: 25    XL:     11   Next: 78%
MP:   0/14          EV: 10    Int:  5    God:    Okawaru [****..]
Gold: 511           SH:  8    Dex: 16    Spells: 10/10 levels left

rFire   + + .      SeeInvis +    l - +1 broad axe (freeze)
rCold   + . .      Faith    .    c - +0 buckler
rNeg    . . .      Spirit   +    O - +3 plate armour {rF+}
rPois   .          Reflect  .    J - +1 hat {Stlth+}
rElec   .          Rampage  .    w - scarf {rC+ rF+}
rCorr   .                        (no gloves)
Will    .....                    (no boots) Stlth
                                 C - amulet of guardian spirit
HPRegen 0.34/turn                g - ring of see invisible
MPRegen 0.14/turn                r - +6 ring of dexterity

@: heroic, heavily drained
A: horns 2, retaliatory headbutt
a: Renounce Religion, Heroism, Finesse


You were on level 11 of the Dungeon.
You worshipped Okawaru.
Okawaru was greatly pleased with you.
You visited 2 branches of the dungeon, and saw 12 of its levels.

You collected 609 gold pieces.
You spent 98 gold pieces at shops.

Inventory:

Hand Weapons
 a - a +5 war axe
 l - a +1 broad axe of freezing (weapon)
Missiles
 m - 2 throwing nets
 n - 3 boomerangs of dispersal
 s - 17 poisoned darts
 v - 5 javelins
 I - a silver boomerang
 K - 8 boomerangs (quivered)
Armour
 c - a +0 buckler (worn)
 w - a scarf of resistance (worn)
 J - a +1 hat of stealth (worn)
 O - a +3 plate armour of fire resistance (worn)
Jewellery
 e - a +6 ring of intelligence
 g - a ring of see invisible (left hand)
 j - a ring of ice
 r - a +6 ring of dexterity (right hand)
 C - an amulet of guardian spirit (around neck)
 M - an amulet of the acrobat
Wands
 u - a wand of light (18)
 A - a wand of polymorph (18)
 B - a wand of paralysis (5)
 D - a wand of roots (11)
Scrolls
 b - 2 scrolls of torment
 i - 3 scrolls of teleportation
 q - 4 scrolls of amnesia
 y - a scroll of magic mapping
 F - 3 scrolls of vulnerability
 L - 2 scrolls of blinking
Potions
 d - 5 potions of might
 f - 3 potions of lignification {unknown}
 h - a potion of brilliance {unknown}
 k - 6 potions of curing
 o - 4 potions of attraction
 p - 2 potions of cancellation {unknown}
 t - 3 potions of heal wounds
 x - a potion of degeneration {unknown}
 z - 2 potions of resistance
 E - a potion of berserk rage {unknown}
 G - 2 potions of haste
 H - a potion of mutation
Miscellaneous
 N - a lightning rod (4/4)


   Skills:
 + Level 10.4(15.4) Fighting
 + Level 10.1(15.1) Axes
 + Level 8.0(13.0) Throwing
 + Level 10.3(15.3) Armour
 + Level 10.4(15.4) Shields
 + Level 6.3 Invocations


You had 10 spell levels left.
You didn't know any spells.
Your spell library was empty.

Dungeon Overview and Level Annotations

Branches:
Dungeon (11/15)            Temple (1/1) D:5            Lair (0/5) D:10
    Orc (0/2) D:9

Altars:
Ashenzari
Dithmenos
Gozag
Makhleb
Nemelex Xobeh
Okawaru
Ru
Sif Muna
Vehumet
Xom
The Shining One

Shops:
D:2 **   D:9 *?

Annotations:
D:11 Nergalle


Innate Abilities, Weirdness & Mutations

You have a pair of horns on your head.
You reflexively headbutt those who attack you in melee.


Message History

The spectral orc knight hits you but does no damage.
Nergalle hits you but does no damage.
The spectral orc knight hits you but does no damage.
You slash Nergalle! You freeze Nergalle. You headbutt Nergalle.
Nergalle is moderately wounded.
You hit the spectral orc knight.
You barely miss the spectral orc knight.
Nergalle hits you with a +0 dagger.
The spectral orc knight hits you with a +0 battleaxe!
You feel drained.
The spectral orc knight hits you with a +0 great sword!!
* * * LOW HITPOINT WARNING * * *
You feel drained.
* * * LOW HITPOINT WARNING * * *
You gain the combat prowess of a mighty hero.
Nergalle asks, "There's a tasty morsel, hm?"
Nergalle hits you with a +0 dagger.
* * * LOW HITPOINT WARNING * * *
You block the spectral orc knight's attack.
The spectral orc knight hits you with a +0 great sword.
* * * LOW HITPOINT WARNING * * *
You feel drained.
* * * LOW HITPOINT WARNING * * *
You slash Nergalle! You freeze Nergalle.
Nergalle is heavily wounded.
You hit the spectral orc knight. You freeze the spectral orc knight.
You slash the spectral orc knight! You freeze the spectral orc knight.
Nergalle hits you but does no damage.
You block the spectral orc knight's attack.
The spectral orc knight hits you with a +0 great sword.
* * * LOW HITPOINT WARNING * * *
You slice Nergalle!! You freeze Nergalle.
You headbutt Nergalle, but do no damage.
Nergalle is almost dead.
You slash the spectral orc knight!
You hit the spectral orc knight but do no damage.
Nergalle hits you but does no damage.
You block the spectral orc knight's attack.
The spectral orc knight hits you with a +0 great sword!
You die...

............##....#
....#.......###..##
#..#.........##..##
..........#...#...#
...))....###....###
...).....####.#..##
..†...........##..#
...)..........#ZZ##
..))............@o#
...................#
...................#
))#..#..>...........#
....###..#............
..........##....###....
#.....^##....... ##...
....#.## ....... #..
#....##


You could see Nergalle and 2 spectral orc knights.

Vanquished Creatures
  Gastronok (D:8)
  2 centaur warriors
  A deep elf pyromancer (D:8)
  An ugly thing (D:10)
  Maggie (D:8)
  A gargoyle (D:8)
  An unseen horror (D:10)
  The ghost of NotreDorf the Covert, a novice SpVM of Okawaru (D:7)
  A kobold demonologist (D:8)
  2 trolls
  2 hornets
  A yak (shapeshifter) (D:8)
  2 wyverns
  2 shadows
  9 yaks
  2 wraiths
  A steam dragon (D:4)
  A redback (shapeshifter) (D:8)
  4 vampire mosquitoes (D:11)
  A warg (D:9)
  2 acid dragons
  A water moccasin (D:5)
  A sky beast (D:8)
  2 ogres (D:5)
  5 orc warriors
  2 black bears
  A wolf (D:10)
  A centaur (D:9)
  2 kobold brigands
  6 bullfrogs
  2 gnoll sergeants
  5 scorpions
  16 wights
  9 killer bees
  8 howler monkeys
  An electric eel (D:10)
  8 hounds
  A jelly (D:4)
  8 orc priests
  A sleepcap (D:6)
  4 iguanas
  12 orc wizards
  14 gnolls
  8 adders
  A shadow imp (D:7)
  A white imp (D:7)
  3 ufetubi
  4 dart slugs
  56 orcs
  4 bats
  10 endoplasms
  A giant cockroach (D:1)
  7 hobgoblins
  5 jackals
  5 quokkas
  8 ball pythons
  3 frilled lizards
  7 goblins
  17 kobolds
  5 rats
294 creatures vanquished.

Vanquished Creatures (others)
  An iguana (D:4)
  A dart slug (D:4)
  An endoplasm (D:4)
  A goblin (D:4)
  A hobgoblin (D:4)
  A kobold (D:4)
6 creatures vanquished.

Grand Total: 300 creatures vanquished

Notes
Turn   | Place    | Note
-------+----------+-------------------------------------------
     0 | D:1      | bmack86 the Minotaur Fighter began the quest for the Orb.
     0 | D:1      | Reached XP level 1. HP: 19/19 MP: 0/0
    69 | D:1      | Reached XP level 2. HP: 27/27 MP: 1/1
   607 | D:1      | Reached XP level 3. HP: 33/33 MP: 2/2
  1048 | D:2      | Found a burning altar of Makhleb.
  1309 | D:2      | Reached XP level 4. HP: 40/41 MP: 3/3
  1419 | D:2      | Found Woofeo's Assorted Antiques.
  1425 | D:2      | Bought a scroll labelled VUYNON ETUL for 27 gold pieces
  1425 | D:2      | Bought a scroll labelled VUYNON ETUL for 27 gold pieces
  1514 | D:2      | Found Ydaaz's General Store.
  2005 | D:3      | Found a sparkling altar of Nemelex Xobeh.
  2342 | D:3      | Reached skill level 1 in Throwing
  2345 | D:3      | Reached XP level 5. HP: 41/47 MP: 4/4
  2868 | D:4      | Found a shadowy altar of Dithmenos.
  2874 | D:4      | Noticed a steam dragon
  2883 | D:4      | Killed a steam dragon
  2884 | D:4      | Reached skill level 5 in Fighting
  2884 | D:4      | Reached skill level 5 in Armour
  2884 | D:4      | Reached skill level 5 in Shields
  2884 | D:4      | Reached XP level 6. HP: 10/56 MP: 5/5
  3321 | D:4      | Found a shimmering altar of Xom.
  3641 | D:4      | Found a glowing golden altar of the Shining One.
  3863 | D:5      | Entered Level 5 of the Dungeon
  3889 | D:5      | Reached XP level 7. HP: 30/61 MP: 6/6
  4009 | D:5      | Found a staircase to the Ecumenical Temple.
  4049 | Temple   | Entered the Ecumenical Temple
  4128 | D:5      | Reached skill level 5 in Axes
  4231 | D:5      | Identified the +0 robe of Saohergh {Harm rElec rN++ Stlth-}
  4701 | D:5      | Reached XP level 8. HP: 39/71 MP: 4/7
  5198 | D:6      | Found an iron altar of Okawaru.
  5206 | D:6      | Became a worshipper of Warmaster Okawaru
  5598 | D:7      | Reached skill level 1 in Invocations
  5819 | D:7      | Reached XP level 9. HP: 79/79 MP: 9/9
  5828 | D:7      | Found a sacrificial altar of Ru.
  5839 | D:7      | Reached * piety under Okawaru
  6233 | D:7      | Reached skill level 5 in Throwing
  6324 | D:7      | Found a runed translucent door.
  6324 | D:7      | Noticed NotreDorf's ghost (novice SpVM)
  6337 | D:7      | Killed NotreDorf's ghost
  6463 | D:8      | Reached ** piety under Okawaru
  6590 | D:8      | Noticed Maggie
  6603 | D:8      | Killed Maggie
  6604 | D:8      | Reached XP level 10. HP: 68/89 MP: 6/11
  6963 | D:8      | Reached *** piety under Okawaru
  7220 | D:8      | Noticed a centaur warrior
  7231 | D:8      | Received a gift from Okawaru
  7232 | D:8      | a jumping spider changed into a black mamba
  7232 | D:8      | Noticed a black mamba (shapeshifter)
  7232 | D:8      | Noticed a salamander
  7234 | D:8      | Noticed a deep elf pyromancer
  7235 | D:8      | Killed a centaur warrior
  7243 | D:8      | a black mamba changed into an entropy weaver
  7243 | D:8      | Noticed an entropy weaver (shapeshifter)
  7572 | D:8      | Noticed Gastronok
  7586 | D:8      | Noticed a sun demon
  7587 | D:8      | Killed Gastronok
  7587 | D:8      | Received a gift from Okawaru
  7592 | D:8      | Reached **** piety under Okawaru
  7593 | D:8      | Noticed an entropy weaver
  7814 | D:8      | Noticed a gargoyle
  7829 | D:8      | Killed a gargoyle
  7829 | D:8      | Received a gift from Okawaru
  7830 | D:8      | Reached skill level 5 in Invocations
  8001 | D:8      | Killed a deep elf pyromancer
  8002 | D:8      | Reached XP level 11. HP: 93/97 MP: 10/13
  8519 | D:9      | Found a staircase to the Orcish Mines.
  9112 | D:9      | Noticed a lindwurm
  9115 | D:9      | Noticed a lindwurm
  9188 | D:9      | Noticed a lindwurm
  9214 | D:9      | Found an opulent altar of Gozag.
  9218 | D:9      | Found Gozag's Platinum Reserve.
  9600 | D:9      | Found Sawny's Magic Scroll Shoppe.
  9608 | D:9      | Bought a scroll of identify for 22 gold pieces
  9608 | D:9      | Bought a scroll of identify for 22 gold pieces
  9774 | D:10     | Entered Level 10 of the Dungeon
  9784 | D:10     | Noticed a green ugly thing
  9788 | D:10     | Received a gift from Okawaru
  9796 | D:10     | Killed a green ugly thing
  9797 | D:10     | Reached skill level 10 in Fighting
  9890 | D:10     | Reached skill level 10 in Shields
  9902 | D:10     | Found a staircase to the Lair.
 10114 | D:10     | Found a radiant altar of Vehumet.
 10190 | D:10     | Noticed a centaur warrior
 10202 | D:10     | Killed a centaur warrior
 10203 | D:10     | Reached skill level 10 in Armour
 10602 | D:10     | Reached skill level 10 in Axes
 11014 | D:11     | Received a gift from Okawaru
 11149 | D:11     | Noticed Nergalle
 11159 | D:11     | Slain by a spectral orc knight

Illustrated notes

Levels and vault maps discovered:
D:1:      lemuel_arrival_funnel, layout_loops_corners
D:2:      layout_basic, basic_altar, serial_shops, shop_statue, shop,
          minmay_tromino_v4_a
D:3:      layout_basic, nemelex_xobeh_ov_fountains_minmay,
          chequers_serial_rivers_small_b, grunt_ministairs_1,
          grunt_decor_arrowhead
D:4:      layout_loops_ring, xom_confusion_cloud, mainiacjoe_overflow_24_doors,
          nicolae_dithmenos_shadow_blocks
D:5:      layout_gridville, minmay_temple_entry_drinking_statues
D:6:      layout_rooms, okawaru_gym_becter
D:7:      layout_basic, mainiacjoe_overflow_concentric_impassable,
          gammafunk_ghost_grave, minmay_misc_feat_room
D:8:      minmay_the_grid_triangle_9x9_rhombus_thin
          [minmay_the_grid_triangle_9x9_zippers_vertical,
          minmay_the_grid_triangle_9x9_prize_insulated,
          minmay_the_grid_triangle_9x9_limited_checkers,
          minmay_the_grid_triangle_9x9_semitri], layout_rooms, uniq_gastronok,
          uniq_maggie
D:9:      layout_basic, nicolae_gozag_zags_fifth_avenue, david_orc_3,
          serial_shops, nicolae_shop_stone, minmay_misc_feat_columns,
          minmay_lindwurm_lava
D:10:     layout_stronghold, nicolae_vehumet_radiance, erik_lair_island,
          serial_rivers, chequers_serial_rivers_micro_d,
          chequers_serial_rivers_micro_b, chequers_serial_rivers_small_3,
          chequers_serial_rivers_room_a, chequers_serial_rivers_small_3
D:11:     layout_layer_cave, uniq_nergalle
Temple:   nicolae_temple_great_sept

Skill      XL: |  1  2  3  4  5  6  7  8  9 10 11 |
---------------+----------------------------------+-----
Fighting       | 4 5 6 7 8 9 10 | 10.4
Shields        | 4 5 6 7 8 9 10 | 10.4
Axes           | 3 4 5 6 8 9 10 | 10.1
Armour         | 4 5 6 7 8 9 10 | 10.3
Throwing       | 1 2 3 4 5 7 8 |  8.0
Invocations    | 1 3 5 6 |  6.3

Action                     |  1- 3 |  4- 6 |  7- 9 | 10-12 || total
---------------------------+-------+-------+-------+-------++-------
  Melee: War axe           |    68 |   109 |   170 |   217 ||   564
         Headbutt          |    11 |    12 |    36 |    59 ||   118
         Broad axe         |       |       |       |   112 ||   112
  Throw: Dart              |       |    11 |    37 |     3 ||    51
         Boomerang         |       |       |       |     7 ||     7
 Invoke: Heroism           |       |       |     2 |     7 ||     9
    Use: Scroll            |       |    10 |     2 |    17 ||    29
         Potion            |       |       |     1 |       ||     1
 Armour: Scale mail        |    46 |    24 |       |       ||    70
         Chain mail        |       |    15 |    98 |    49 ||   162
         Plate armour      |       |       |       |   176 ||   176
  Dodge: Dodged            |    41 |    44 |    69 |   113 ||   267
  Block: Buckler           |    16 |    37 |    55 |   132 ||   240

Table legend: (Time is in decaauts)
 A = Elapsed time spent in this place.
 B = Non-inter-level travel time spent in this place.
 C = Inter-level travel time spent in this place.
 D = Time resting spent in this place.
 E = Time spent auto-exploring this place.
 F = Levels seen in this place.
 G = Mean time per level.
                   A        B        C        D        E       F      G
               +--------+--------+--------+--------+--------+-----+--------+
         Total |  11286 |  11048 |    238 |   1919 |   6224 |  12 |  940.5 |
       Dungeon |  11284 |  11046 |    238 |   1919 |   6224 |  11 | 1025.8 |
        Temple |      1 |      1 |      0 |      0 |      0 |   1 |    1.0 |
               +--------+--------+--------+--------+--------+-----+--------+

Top non-repeatable levels by time:
     D:8: 2024 daAuts
     D:9: 1323 daAuts
    D:10: 1224 daAuts
     D:3: 1124 daAuts
     D:5: 1114 daAuts
     D:4: 1096 daAuts
     D:1: 916 daAuts
     D:7: 886 daAuts
     D:2: 788 daAuts
     D:6: 599 daAuts
    D:11: 185 daAuts
  Temple: 1 daAuts
